 Dungeon Crawl Stone Soup version 0.18.1-48-g4cf74bf (webtiles) character file.

21 torvon the Skirmisher (level 2, 0/27 HPs)
             Began as a Draconian Abyssal Knight on Aug 8, 2016.
             Was a Follower of Lugonu.
             Slain by a kobold
             ... wielding a +0 short sword
              (1 damage)
             ... on level 2 of the Dungeon.
             The game lasted 00:04:16 (1134 turns).

torvon the Skirmisher (Draconian Abyssal Knight)    Turns: 1134, Time: 00:04:17

Health: 0/27       AC:  6    Str: 14    XL:     2   Next: 65%
Magic:  3/3        EV: 11    Int: 12    God:    Lugonu [*.....]
Gold:   65         SH:  3    Dex: 10    Spells: 0 memorised, 1 level left

rFire  . . .     SeeInvis .     a - +1 mace
rCold  . . .     Gourm    .     (armour unavailable)
rNeg   . . .     Faith    .     j - +0 buckler
rPois  +         Spirit   .     (helmet restricted)
rElec  .         Dismiss  .     d - +0 cloak
rCorr  .         Reflect  .     (no gloves)
SustAt .         Harm     .     l - +0 pair of boots
MR     .....                    (no amulet)
Stlth  +.........               (no ring)
                                c - ring of poison resistance

@: lethally poisoned (0 -> -3), not resistant to hostile enchantments, very
unstealthy
A: unfitting armour, cold-blooded, AC +4
a: Depart the Abyss, Renounce Religion


You were on level 2 of the Dungeon.
You worshipped Lugonu.
Lugonu was aware of your devotion.
You were not hungry.

You visited 1 branch of the dungeon, and saw 2 of its levels.
You visited the Abyss 1 time.

You collected 65 gold pieces.

Inventory:

Hand Weapons
 a - a +1 mace (weapon)
 o - a +0 war axe
 q - a +0 short sword
Armour
 d - a +0 cloak (worn)
 j - a +0 buckler (worn)
 k - a +0 leather armour
 l - a +0 pair of boots (worn)
Jewellery
 c - a ring of poison resistance (left hand)
Scrolls
 g - 2 scrolls of enchant armour {unknown}
 h - a scroll of identify {unknown}
 i - a scroll of magic mapping {unknown}
 m - 2 scrolls of remove curse {unknown}
 n - a scroll of blinking {unknown}
Potions
 e - 2 potions of heal wounds {unknown}
 p - a potion of cure mutation {unknown}
Comestibles
 b - 2 bread rations
 f - 2 meat rations


   Skills:
 + Level 3.7 Fighting
 * Level 2.6 Maces & Flails
 + Level 2.1 Dodging
 + Level 2.3 Invocations


You had one spell level left.
You didn't know any spells.

Dungeon Overview and Level Annotations

Branches:
Dungeon (2/15)

Altars:


Innate Abilities, Weirdness & Mutations

Your plain brown scales are hard (AC +4).
Your body does not fit into most forms of armour.
You are cold-blooded and may be slowed by cold attacks.


Message History

You closely miss the adder.
The adder is heavily wounded.
You feel sick. The adder bites you but does no damage.
The kobold barely misses you. The adder barely misses you.
The kobold hits you but does no damage.
You hit the adder.
Your tail-slap misses the adder.
The adder is severely wounded.
The adder closely misses you. The kobold hits you but does no damage.
The adder barely misses you.
You miss the adder.
The adder is severely wounded.
The kobold hits you with a short sword.
* * * LOW HITPOINT WARNING * * *
The adder bites you but does no damage.
You miss the adder.
The adder is severely wounded.
* * * LOW HITPOINT WARNING * * *
You feel sick. The adder closely misses you. The kobold completely misses you.
The adder closely misses you. The kobold hits you with a short sword.
You die...

#.#.... #...... #......
#......##### ...........#
######## #..........#######
#.......
#.........K##.)..####...)...
..........S@................
#...##.....##....####....... #
.........#################
...........................
..##........[########.########
.. #.##....###### #.# ..
#.##....# #########.# ..
#[##....# #.........#
..##.##....# #.........#


You could see an adder and a kobold.

Vanquished Creatures
  2 dart slugs (D:1)
  2 giant cockroaches
  2 hobgoblins (D:2)
  3 jackals (D:2)
  4 bats
  A giant newt (D:1)
  3 kobolds
17 creatures vanquished.

Notes
Turn   | Place    | Note
--------------------------------------------------------------
     0 | Abyss:1  | torvon the Draconian Abyssal Knight began the quest for the Orb.
     0 | Abyss:1  | Reached XP level 1. HP: 19/19 MP: 2/2
    43 | D:1      | Escaped the Abyss
   619 | D:1      | Reached XP level 2. HP: 26/26 MP: 3/3
  1134 | D:2      | HP: 1/27 [poisoned by an adder]
  1134 | D:2      | Slain by a kobold

Action                   || total
-------------------------++-------
Melee: Mace              ||    80
       Tailslap          ||     2
  Eat: Beef jerky        ||     1
Armor: Skin              ||    40
Dodge: Dodged            ||    61
Block: Buckler           ||     7
